[Event "FIDE World Rapid-ch Open 2018"]
[White "Vokhidov, Shamsiddin"]
[Black "Sargissian, Gabriel"]
[Site "St. Petersburg"]
[Round "9.28"]
[Annotator "ChessBase"]
[Result "0-1"]
[Date "2018.12.27"]
[WhiteElo "2480"]
[BlackElo "2689"]
[PlyCount "116"]
[TimeControl "900+10"]

1. e4 e5 2. Nf3 Nc6 3. Bc4 Bc5 4. d3 Nf6 5. 0-0 d6 6. c3 a6 7. a4 Ba7 8. Nbd2 0-0 9. h3 Kh8 10. Re1 Ng8 11. Nf1 f5 12. exf5 Bxf5 13. Ng3 Bg6 14. Bd5 Nf6 15. Bxc6 bxc6 16. d4 exd4 17. Nxd4 Qd7 18. a5 Nd5 19. Qa4 Bxd4 20. Qxd4 Qf7 21. b4 Kg8 22. Bd2 Nf6 23. f3 Nd7 24. Bg5 Rfe8 25. Bf4 Nf8 26. Be3 Nd7 27. Nh1 Ne5 28. Nf2 Qc4 29. Qd2 Qd5 30. Bd4 Nc4 31. Qf4 Qf7 32. Qg3 Nd2 33. Rad1 Nb3 34. Ng4 Nxd4 35. Rxd4 Qb3 36. f4 Rxe1+ 37. Qxe1 Re8 38. Qd2 Qb1+ 39. Kf2 Qf5 40. Ne3 Qf6 41. f5 Bf7 42. c4 h5 43. c5 d5 44. Qd3 Qe5 45. g3 Qf6 46. Rf4 Qb2+ 47. Qe2 Qc3 48. Qf3 d4 49. Nf1 Qc2+ 50. Kg1 Bd5 51. f6 Bxf3 52. f7+ Kf8 53. fxe8=Q+ Kxe8 54. Rxf3 Qb2 55. Rd3 Qxb4 56. Nd2 Qxc5 57. Nf3 Qc1+ 58. Kf2 c5 0-1

[Event "FIDE World Rapid-ch Open 2018"]
[White "Khusnutdinov, Rustam"]
[Black "Shirov, Alexei"]
[Site "St. Petersburg"]
[Round "9.29"]
[Annotator "ChessBase"]
[Result "1/2-1/2"]
[Date "2018.12.27"]
[WhiteElo "2470"]
[BlackElo "2643"]
[PlyCount "96"]
[TimeControl "900+10"]

1. e4 e5 2. Nf3 Nc6 3. Bb5 a6 4. Ba4 Nf6 5. 0-0 b5 6. Bb3 Bc5 7. c3 d6 8. a4 Rb8 9. d4 Bb6 10. a5 Ba7 11. Be3 Bg4 12. Nbd2 0-0 13. Qe1 h6 14. dxe5 Bxe3 15. Qxe3 Nxe5 16. Nxe5 dxe5 17. f3 Bd7 18. Qc5 Re8 19. Rfd1 Qc8 20. Ba2 Be6 21. Bxe6 Rxe6 22. Nb3 Nd7 23. Qf2 Rd6 24. Rd2 Rxd2 25. Qxd2 c5 26. Rd1 Rb7 27. Qd6 c4 28. Nc1 Qc5+ 29. Qxc5 Nxc5 30. Rd5 Na4 31. Rxe5 Nxb2 32. Rd5 b4 33. cxb4 Rxb4 34. Kf2 c3 35. Ke3 Ra4 36. Rc5 Rxa5 37. Rxa5 Nc4+ 38. Kd4 Nxa5 39. Kxc3 Kf8 40. Nd3 Nb7 41. Kc4 Ke7 42. Kd5 a5 43. Nc5 Nd6 44. Na4 Nb5 45. Kc4 Na3+ 46. Kb3 Nb5 47. Kc4 Na3+ 48. Kb3 Nb5 1/2-1/2

[Event "FIDE World Rapid-ch Open 2018"]
[White "Fedoseev, Vladimir"]
[Black "Frolyanov, Dmitry"]
[Site "St. Petersburg"]
[Round "9.30"]
[Annotator "RC"]
[Result "1-0"]
[Date "2018.12.27"]
[WhiteElo "2719"]
[BlackElo "2517"]
[PlyCount "87"]
[TimeControl "900+10"]

1. d4 d5 2. Nf3 Nf6 3. Bg5 e6 4. Nbd2 c5 5. c3 Nc6 6. e3 Be7 7. Bd3 b6 8. Ne5 Nxe5 9. dxe5 Nd7 10. Bxe7 Qxe7 11. f4 Bb7 12. 0-0 0-0-0 13. Qe2 f6 14. exf6 Nxf6 15. Nf3 Nd7 16. Bb5 Kb8 17. a4 a5 18. b4 cxb4 19. cxb4 Qxb4 20. Rab1 Qd6 21. Ng5 Rhf8 22. Nxh7 Rf7 23. Ng5 Re7 24. Rbd1 Nc5 25. Nf3 Rc7 26. Nd4 e5 27. fxe5 Qxe5 28. Rf5 Qd6 29. Rdf1 Rh8 30. Rh5 Rxh5 31. Qxh5 Ne4 32. Qh8+ Rc8 33. Qxg7 Nd2 34. Rd1 Nc4 35. Qg5 Ka8 36. h4 Qa3 37. Nf5 Qb3 38. Rd4 Rf8 39. Kh2 Qb1 40. Rf4 Qe1 41. Qg3 Qc3 42. Bxc4 dxc4 43. Nd6 Rxf4 44. Qg8+ 1-0

[Event "FIDE World Rapid-ch Open 2018"]
[White "Mamedov, Rauf"]
[Black "Bosiocic, Marin"]
[Site "St. Petersburg"]
[Round "9.32"]
[Annotator "ChessBase"]
[Result "1/2-1/2"]
[Date "2018.12.27"]
[WhiteElo "2703"]
[BlackElo "2599"]
[PlyCount "151"]
[TimeControl "900+10"]

1. e4 e5 2. Bc4 Nf6 3. d3 Nc6 4. Nc3 Bb4 5. Nge2 Na5 6. Bb3 Nxb3 7. axb3 d5 8. exd5 Nxd5 9. 0-0 0-0 10. Bd2 Be7 11. Re1 Nb4 12. Ng3 f6 13. f4 Bc5+ 14. Kh1 Bf2 15. Re4 c5 16. fxe5 Bxg3 17. hxg3 Bf5 18. Re1 fxe5 19. Ne4 b6 20. Bxb4 cxb4 21. Qd2 a5 22. Qe3 Rc8 23. Re2 Rc6 24. Kg1 Qd4 25. c4 bxc3 26. bxc3 Qxe3+ 27. Rxe3 Bxe4 28. dxe4 Rd8 29. b4 axb4 30. cxb4 Rd4 31. b5 Rf6 32. g4 Rb4 33. g5 Rf8 34. Ra7 Rxb5 35. Rd3 Rb1+ 36. Kh2 Rbf1 37. Re7 b5 38. Rd5 R1f7 39. Rexe5 Rb7 40. Rxb5 Rxb5 41. Rxb5 Re8 42. e5 Kf7 43. Kg3 Ke6 44. Kf4 Rf8+ 45. Ke4 Rf2 46. Rb6+ Kf7 47. g3 Re2+ 48. Kd4 Rd2+ 49. Ke3 Rd1 50. Rb7+ Kg6 51. Ke4 Re1+ 52. Kd5 Rd1+ 53. Ke6 Rd3 54. Ke7 Rxg3 55. e6 Rxg5 56. Kf8 Re5 57. e7 Re1 58. e8=Q+ Rxe8+ 59. Kxe8 h5 60. Rb5 Kf6 61. Rxh5 g5 62. Kf8 Kf5 63. Kg7 Kf4 64. Kf6 g4 65. Rf5+ Ke3 66. Re5+ Kf2 67. Rf5+ Ke2 68. Rg5 Kf3 69. Rf5+ Ke2 70. Re5+ Kf3 71. Ra5 g3 72. Ra3+ Kf2 73. Ra2+ Kf3 74. Kf5 g2 75. Rxg2 Kxg2 76. Ke4 1/2-1/2

[Event "FIDE World Rapid-ch Open 2018"]
[White "Demidov, Mikhail"]
[Black "Jakovenko, Dmitry"]
[Site "St. Petersburg"]
[Round "9.34"]
[Annotator "RC"]
[Result "0-1"]
[Date "2018.12.27"]
[WhiteElo "2520"]
[BlackElo "2735"]
[PlyCount "86"]
[TimeControl "900+10"]

1. d4 Nf6 2. Nf3 e6 3. c4 b6 4. e3 Bb7 5. Bd3 d5 6. Nc3 Bd6 7. cxd5 exd5 8. Qa4+ Nbd7 9. Ba6 Bxa6 10. Qxa6 c6 11. 0-0 0-0 12. b3 Qe7 13. Bb2 Rfc8 14. Rac1 Rc7 15. Qd3 Ne4 16. Rc2 Rac8 17. Rfc1 Nf8 18. Ne2 Ng6 19. Ng3 Qe6 20. Ne2 h6 21. a4 Qf5 22. Qd1 Qe6 23. Qd3 h5 24. a5 b5 25. Ne5 Nxe5 26. dxe5 Bxe5 27. Bxe5 Qxe5 28. Nd4 Qd6 29. f3 Nf6 30. Qf5 a6 31. Qg5 c5 32. Nf5 Qf8 33. h3 c4 34. b4 Nh7 35. Qxh5 Qxb4 36. Rd1 Rd8 37. Rcd2 c3 38. Rxd5 Rxd5 39. Rxd5 c2 40. Rd8+ Nf8 41. Qg5 c1=Q+ 42. Kh2 Qcc3 43. f4 Qf6 0-1

[Event "FIDE World Rapid-ch Open 2018"]
[White "Tsydypov, Zhamsaran"]
[Black "Jobava, Baadur"]
[Site "St. Petersburg"]
[Round "9.35"]
[Annotator "ChessBase"]
[Result "0-1"]
[Date "2018.12.27"]
[WhiteElo "2529"]
[BlackElo "2627"]
[PlyCount "152"]
[TimeControl "900+10"]

1. Nf3 Nf6 2. c4 c6 3. g3 d5 4. b3 Bf5 5. Bg2 e6 6. 0-0 h6 7. Bb2 Be7 8. d3 0-0 9. Nbd2 Bh7 10. a3 Nbd7 11. b4 Re8 12. Qb3 Bf8 13. Ne5 Nxe5 14. Bxe5 a5 15. bxa5 Qxa5 16. Bc3 Qc7 17. Rfb1 Reb8 18. Rc1 Nd7 19. Qb2 Qd8 20. Nb3 Ra4 21. Nd2 Ra7 22. a4 b6 23. Nb3 Rba8 24. Nd4 Nb8 25. cxd5 exd5 26. Qb3 Rd7 27. Rab1 Ra6 28. a5 Rb7 29. Nxc6 Nxc6 30. Qxd5 Qxd5 31. Bxd5 b5 32. Bd2 b4 33. Bxc6 Rc7 34. Bd5 Rxc1+ 35. Rxc1 Rxa5 36. e4 Bf5 37. Rc6 Bh3 38. f3 Bc5+ 39. Rxc5 Rxc5 40. Bxb4 Rc2 41. Bd6 Rd2 42. Bc4 g5 43. g4 Kg7 44. Be5+ Kg6 45. Bd6 f6 46. Bc7 Rc2 47. Bd6 Bg2 48. f4 Bxe4 49. fxg5 hxg5 50. Bg3 Rc3 51. Be1 Rc1 52. Kf2 Bc6 53. Ke2 Rc2+ 54. Bd2 Bd7 55. h3 f5 56. gxf5+ Bxf5 57. Ke3 Bxh3 58. Bd5 Bf5 59. Be1 Rc8 60. Bc4 Re8+ 61. Kf2 Rd8 62. Ba5 Rd7 63. Ke3 Kh5 64. Bc3 Kh4 65. Bf6 Rd6 66. Be7 Rd7 67. Bf6 Rc7 68. Kd4 Ra7 69. Ke5 Ra5+ 70. Kd4 Bd7 71. Ke4 Rf5 72. Be7 Kh3 73. Bd5 g4 74. Bb4 g3 75. Bc6 Rf7 76. Bd5 g2 0-1

[Event "FIDE World Rapid-ch Open 2018"]
[White "Riazantsev, Alexander"]
[Black "Gutenev, Alexander"]
[Site "St. Petersburg"]
[Round "9.36"]
[Annotator "ChessBase"]
[Result "1-0"]
[Date "2018.12.27"]
[WhiteElo "2649"]
[BlackElo "2456"]
[PlyCount "63"]
[TimeControl "900+10"]

1. d4 Nf6 2. c4 g6 3. Nc3 d5 4. cxd5 Nxd5 5. e4 Nxc3 6. bxc3 Bg7 7. Bg5 0-0 8. Rc1 c5 9. Nf3 cxd4 10. cxd4 Bg4 11. d5 h6 12. Be3 e6 13. Bc4 exd5 14. Bxd5 Nc6 15. h3 Be6 16. 0-0 Re8 17. Qd2 Bxd5 18. exd5 Ne7 19. d6 Nf5 20. Bf4 Re4 21. Rfe1 Rxe1+ 22. Rxe1 Qd7 23. g4 g5 24. Bh2 Nh4 25. Nxh4 gxh4 26. Re7 Qc6 27. Rc7 Qb5 28. d7 Rd8 29. Rc8 Qb1+ 30. Kg2 Bf6 31. Bc7 Qe4+ 32. f3 1-0

[Event "FIDE World Rapid-ch Open 2018"]
[White "Potapov, Pavel"]
[Black "Petrosian, Tigran L."]
[Site "St. Petersburg"]
[Round "9.37"]
[Annotator "ChessBase"]
[Result "0-1"]
[Date "2018.12.27"]
[WhiteElo "2516"]
[BlackElo "2598"]
[PlyCount "88"]
[TimeControl "900+10"]

1. e4 g6 2. d4 Bg7 3. Nc3 a6 4. f4 b5 5. Nf3 d6 6. Be3 Bb7 7. a3 Nd7 8. Be2 c5 9. dxc5 Nxc5 10. e5 Nh6 11. exd6 exd6 12. Bd4 0-0 13. Bxg7 Kxg7 14. Qd4+ Kg8 15. 0-0-0 Nf5 16. Qd2 Re8 17. Rde1 d5 18. g4 Ne3 19. Nd4 Ng2 20. Reg1 Ne4 21. Nxe4 dxe4 22. f5 e3 23. Qd1 Nf4 24. Bf3 e2 25. Qd2 Bxf3 26. Nxf3 Qxd2+ 27. Nxd2 Rac8 28. Kb1 Re3 29. Nb3 Rd8 30. Nc1 Ng2 31. Rxg2 e1=Q 32. Rxe1 Rxe1 33. c3 Rdd1 34. Rc2 gxf5 35. gxf5 Rf1 36. b3 Rxf5 37. c4 bxc4 38. bxc4 Kf8 39. Kb2 Ke7 40. Nb3 Rdf1 41. Re2+ Kd7 42. Re4 R1f2+ 43. Kc3 R5f3+ 44. Kb4 Rb2 0-1

[Event "FIDE World Rapid-ch Open 2018"]
[White "Pantsulaia, Levan"]
[Black "Sanal, Vahap"]
[Site "St. Petersburg"]
[Round "9.38"]
[Annotator "ChessBase"]
[Result "1-0"]
[Date "2018.12.27"]
[WhiteElo "2597"]
[BlackElo "2490"]
[PlyCount "85"]
[TimeControl "900+10"]

1. c4 Nf6 2. Nc3 e5 3. Nf3 Nc6 4. e4 Bc5 5. Nxe5 Nxe5 6. d4 Bb4 7. dxe5 Nxe4 8. Qf3 d5 9. a3 Bxc3+ 10. bxc3 0-0 11. Be3 Qe7 12. Bd4 Be6 13. Bd3 f5 14. exf6 Nxf6 15. Qe2 Rae8 16. 0-0 c5 17. cxd5 Nxd5 18. Qe4 g6 19. Be5 Qd7 20. f4 Nf6 21. Qe2 a6 22. Rad1 Qc8 23. h3 b5 24. a4 c4 25. Bc2 Nd7 26. axb5 axb5 27. Bd4 Bf5 28. Qf2 Bxc2 29. Qxc2 Nc5 30. Rb1 Qc6 31. f5 Ne4 32. fxg6 hxg6 33. Rbe1 Rxf1+ 34. Rxf1 Qd5 35. Qc1 g5 36. Qd1 Rf8 37. Re1 Nf6 38. Re5 Qd6 39. Rxg5+ Kf7 40. Rxb5 Rd8 41. Qf3 Re8 42. Rb7+ Kg6 43. Rb6 1-0

[Event "FIDE World Rapid-ch Open 2018"]
[White "Ghaem Maghami, Ehsan"]
[Black "Yudin, Sergei"]
[Site "St. Petersburg"]
[Round "9.39"]
[Annotator "ChessBase"]
[Result "1/2-1/2"]
[Date "2018.12.27"]
[WhiteElo "2537"]
[BlackElo "2507"]
[PlyCount "143"]
[TimeControl "900+10"]

1. d4 d5 2. Nf3 c6 3. c4 e6 4. Bg5 Be7 5. Bxe7 Qxe7 6. Qb3 Nf6 7. g3 Nbd7 8. cxd5 exd5 9. Bg2 0-0 10. Nc3 Ne4 11. e3 Ndf6 12. 0-0 Bg4 13. Nxe4 Nxe4 14. Ne5 Be6 15. Rfe1 Rfe8 16. Rac1 h5 17. Qd1 h4 18. Qh5 hxg3 19. hxg3 Nf6 20. Qh4 Nd7 21. Qxe7 Rxe7 22. Nxd7 Rxd7 23. f3 Kf8 24. Kf2 Ke7 25. Rh1 Rdd8 26. Bh3 Rh8 27. Bxe6 Kxe6 28. g4 Kd6 29. e4 f6 30. Ke3 Rae8 31. Kf4 dxe4 32. fxe4 Ke6 33. g5 fxg5+ 34. Kxg5 Rxh1 35. Rxh1 Rd8 36. d5+ cxd5 37. exd5+ Rxd5+ 38. Kf4 Rd2 39. Rb1 Kf6 40. Ke3 Rh2 41. a4 Ke5 42. Rg1 Kf6 43. Rb1 g5 44. b4 Ke5 45. Rc1 Rh3+ 46. Kf2 Rh4 47. Rc5+ Kd6 48. Rb5 b6 49. a5 Kc6 50. Rxg5 Rxb4 51. axb6 axb6 52. Ke3 Rc4 53. Kd3 b5 54. Rg6+ Kc5 55. Rg1 Kb6 56. Rb1 Rc8 57. Kd4 Rc2 58. Kd3 Rc4 59. Rh1 Kc5 60. Rg1 Kb4 61. Rb1+ Ka5 62. Ra1+ Ra4 63. Rb1 Ra3+ 64. Kc2 Ka4 65. Rh1 Rg3 66. Kb2 Rg2+ 67. Kb1 Rg3 68. Kb2 b4 69. Rh2 Rb3+ 70. Ka2 Ra3+ 71. Kb2 Rb3+ 72. Ka2 1/2-1/2

[Event "FIDE World Rapid-ch Open 2018"]
[White "Grigoriants, Sergey"]
[Black "Kobo, Ori"]
[Site "St. Petersburg"]
[Round "9.40"]
[Annotator "ChessBase"]
[Result "1-0"]
[Date "2018.12.27"]
[WhiteElo "2540"]
[BlackElo "2494"]
[PlyCount "116"]
[TimeControl "900+10"]

1. e4 g6 2. d4 Bg7 3. Nc3 d6 4. Be3 a6 5. Nf3 Nf6 6. a4 0-0 7. h3 b6 8. Bd3 Bb7 9. 0-0 e6 10. Qd2 Nc6 11. Bg5 Qc8 12. Rfe1 Re8 13. Bc4 Ne7 14. Ba2 Rb8 15. Qf4 Nd7 16. Qh4 Nc6 17. Rad1 Nb4 18. Bb1 c5 19. Ne2 cxd4 20. Nexd4 Nc6 21. c3 Nxd4 22. Nxd4 Ne5 23. Nc2 Nc4 24. Ne3 Nxe3 25. Rxe3 Qc5 26. Be7 Be5 27. Bf6 Bxf6 28. Qxf6 Rbd8 29. Rd4 e5 30. Ba2 Qc7 31. Rd2 Bc8 32. Red3 Be6 33. Bd5 Bxd5 34. Rxd5 Re6 35. Qg5 Kg7 36. h4 h6 37. Qe3 Qc4 38. Qxb6 Ree8 39. Qb4 Qxb4 40. cxb4 Rb8 41. b5 axb5 42. Rxb5 Rxb5 43. axb5 Rb8 44. Rd5 Kf8 45. Kf1 Ke7 46. Ke2 Ra8 47. b6 Rb8 48. Rb5 Kd7 49. b7 Kc6 50. Rb3 f5 51. f3 h5 52. Kd3 d5 53. exd5+ Kxd5 54. Rb5+ Kc6 55. Kc4 e4 56. fxe4 fxe4 57. Rb3 e3 58. Kd3 Kd5 1-0

[Event "FIDE World Rapid-ch Open 2018"]
[White "Petrov, Nikita"]
[Black "Khismatullin, Denis"]
[Site "St. Petersburg"]
[Round "9.41"]
[Annotator "ChessBase"]
[Result "1-0"]
[Date "2018.12.27"]
[WhiteElo "2593"]
[BlackElo "2621"]
[PlyCount "70"]
[TimeControl "900+10"]

1. e4 c5 2. Nc3 a6 3. Nge2 b5 4. g3 Bb7 5. Bg2 e6 6. 0-0 Nf6 7. d3 b4 8. Na4 d6 9. f4 Nbd7 10. f5 exf5 11. Rxf5 Qc7 12. b3 g6 13. Rf1 Bg7 14. Nb2 0-0 15. Nf4 Nb6 16. g4 Rae8 17. Rb1 d5 18. g5 Nfd7 19. exd5 Bd4+ 20. Kh1 Re5 21. Nc4 Rf5 22. Be4 Nxd5 23. Nxd5 Bxd5 24. Bxd5 Rxd5 25. Bf4 Qd8 26. Qf3 Rf5 27. Qg2 Nb6 28. Nxb6 Qxb6 29. Rbe1 f6 30. Bd2 fxg5 31. Rxf5 Rxf5 32. Bxg5 Qd6 33. Re8+ Rf8 34. Qa8 Bg7 35. Be7 Qxe7 1-0

[Event "FIDE World Rapid-ch Open 2018"]
[White "AL-Sayed, Mohammed"]
[Black "Ragger, Markus"]
[Site "St. Petersburg"]
[Round "9.42"]
[Annotator "ChessBase"]
[Result "0-1"]
[Date "2018.12.27"]
[WhiteElo "2484"]
[BlackElo "2687"]
[PlyCount "94"]
[TimeControl "900+10"]

1. e4 e5 2. Nf3 Nc6 3. Bc4 Bc5 4. d3 Nf6 5. c3 a6 6. Bb3 d6 7. Nbd2 Ba7 8. Nf1 Ng4 9. Ne3 Nxe3 10. Bxe3 Bxe3 11. fxe3 0-0 12. 0-0 Qe7 13. Qe1 Be6 14. Qg3 Bxb3 15. axb3 a5 16. Nh4 Qe6 17. Nf5 g6 18. Qh4 f6 19. Nh6+ Kh8 20. Rf3 Ne7 21. Raf1 Ng8 22. Nxg8 Kxg8 23. Rxf6 Rxf6 24. Qxf6 Qxf6 25. Rxf6 Ra6 26. d4 Rb6 27. dxe5 Kg7 28. g4 Rb5 29. Re6 Kf7 30. Rf6+ Ke7 31. Rf3 Rxb3 32. exd6+ Kxd6 33. Rf2 Ke5 34. Rd2 Kxe4 35. Kf2 c5 36. h4 a4 37. Ke2 b5 38. Kf2 h6 39. h5 g5 40. Re2 b4 41. cxb4 cxb4 42. Rc2 Kd3 43. Re2 a3 44. bxa3 bxa3 45. Re1 a2 46. Ra1 Ra3 47. Kf3 Kc2 0-1

[Event "FIDE World Rapid-ch Open 2018"]
[White "Vitiugov, Nikita"]
[Black "Pershin, Denis"]
[Site "St. Petersburg"]
[Round "9.43"]
[Annotator "RC"]
[Result "1-0"]
[Date "2018.12.27"]
[WhiteElo "2719"]
[BlackElo "2400"]
[PlyCount "63"]
[TimeControl "900+10"]

1. e4 c6 2. d4 d5 3. e5 Bf5 4. Bd3 Bxd3 5. Qxd3 c5 6. Ne2 Nc6 7. c3 e6 8. 0-0 Qb6 9. Nd2 Rc8 10. Nf3 cxd4 11. cxd4 Nb4 12. Qb3 Ne7 13. Bd2 Nec6 14. Rfc1 Be7 15. a3 Na6 16. Qd3 h6 17. b4 Nc7 18. Nf4 Kd7 19. Nh5 g6 20. Nf6+ Bxf6 21. exf6 Nb5 22. Rc5 a6 23. a4 Nd6 24. b5 axb5 25. axb5 Nxd4 26. Ne5+ Kd8 27. Rxc8+ Kxc8 28. Ra8+ Kc7 29. Rxh8 Ne4 30. Bf4 Qc5 31. Nc6+ e5 32. Bxe5+ 1-0

[Event "FIDE World Rapid-ch Open 2018"]
[White "Yakubboev, Nodirbek"]
[Black "Adly, Ahmed"]
[Site "St. Petersburg"]
[Round "9.44"]
[Annotator "ChessBase"]
[Result "1-0"]
[Date "2018.12.27"]
[WhiteElo "2556"]
[BlackElo "2626"]
[PlyCount "75"]
[TimeControl "900+10"]

1. d4 Nf6 2. Bg5 Ne4 3. Bf4 c5 4. f3 Nf6 5. d5 g6 6. c4 b5 7. cxb5 Bg7 8. Nc3 0-0 9. e4 d6 10. Bc4 a6 11. Nge2 Nh5 12. Bg5 Nd7 13. a4 Ne5 14. b3 f5 15. 0-0 f4 16. Bh4 h6 17. Be1 g5 18. h3 Kh7 19. Ra2 Rg8 20. bxa6 Bf6 21. Nc1 Rg6 22. Nd3 Qh8 23. Nb5 Bxa6 24. Nxe5 Bxe5 25. Nc7 Bxc4 26. bxc4 Rc8 27. Nb5 Ng3 28. Bxg3 fxg3 29. a5 Rf6 30. a6 Rcf8 31. a7 g4 32. Qa4 Rxf3 33. gxf3 Bd4+ 34. Nxd4 Qxd4+ 35. Kg2 gxh3+ 36. Kxh3 Qe5 37. a8=Q Rf4 38. Q4e8 1-0

[Event "FIDE World Rapid-ch Open 2018"]
[White "Vallejo Pons, Francisco"]
[Black "Van Foreest, Jorden"]
[Site "St. Petersburg"]
[Round "9.45"]
[Annotator "ChessBase"]
[Result "1/2-1/2"]
[Date "2018.12.27"]
[WhiteElo "2695"]
[BlackElo "2614"]
[PlyCount "43"]
[TimeControl "900+10"]

1. e4 e5 2. Nf3 Nc6 3. Bb5 Nf6 4. 0-0 Nxe4 5. Re1 Nd6 6. Nxe5 Be7 7. Bf1 0-0 8. d4 Nf5 9. c3 Nxe5 10. dxe5 d6 11. exd6 Nxd6 12. Bf4 Be6 13. Na3 c6 14. Qc2 Bg5 15. Be5 Bf6 16. Bg3 Bh4 17. Bf4 Bg5 18. Qd2 Bxf4 19. Qxf4 Qc7 20. Bc4 Nb5 21. Qxc7 Nxc7 22. Rad1 1/2-1/2

[Event "FIDE World Rapid-ch Open 2018"]
[White "Tang, Andrew"]
[Black "Kovalev, Vladislav"]
[Site "St. Petersburg"]
[Round "9.46"]
[Annotator "ChessBase"]
[Result "1-0"]
[Date "2018.12.27"]
[WhiteElo "2487"]
[BlackElo "2683"]
[PlyCount "157"]
[TimeControl "900+10"]

1. d4 Nf6 2. c4 g6 3. f3 Bg7 4. e4 d6 5. Nc3 0-0 6. Nge2 c5 7. d5 e6 8. Ng3 exd5 9. cxd5 a6 10. a4 h5 11. Bg5 Nbd7 12. Be2 Qb6 13. Qd2 Nh7 14. a5 Qc7 15. Bh6 h4 16. Bxg7 Kxg7 17. Nf1 Qd8 18. Ne3 f5 19. exf5 gxf5 20. Nc4 Qf6 21. Qf4 Ne5 22. Nxe5 dxe5 23. Qc4 Bd7 24. Qxc5 Rfc8 25. Qb4 Rab8 26. 0-0 Nf8 27. f4 e4 28. Rad1 b6 29. d6 bxa5 30. Qa3 a4 31. Nxa4 Rc2 32. Rfe1 Ne6 33. g3 Nd4 34. Nc3 Rbxb2 35. Nd5 Rxe2 36. Rxe2 Nf3+ 37. Kf1 Bb5 38. Nxf6 Rxe2 39. Rd5 Nxh2+ 40. Kg1 Nf3+ 41. Kf1 hxg3 42. Nh5+ Kg6 43. Nxg3 Ra2+ 44. Rxb5 Rxa3 45. Rd5 Nh2+ 46. Ke2 Ra2+ 47. Kd1 Ng4 48. d7 Ne3+ 49. Kc1 Nxd5 50. d8=Q Nf6 51. Qc8 Ra5 52. Qe6 Rc5+ 53. Kd2 a5 54. Ne2 a4 55. Nc3 a3 56. Qb3 Ra5 57. Ke2 Ra8 58. Qb7 Rh8 59. Qa6 Rh2+ 60. Kf1 Rd2 61. Qxa3 Rd3 62. Ke1 Re3+ 63. Kd2 Rd3+ 64. Kc2 Ng4 65. Qe7 Ne3+ 66. Kb2 Nc4+ 67. Kb3 Ne3 68. Qg5+ Kf7 69. Qh5+ Kf6 70. Qh8+ Kf7 71. Kb4 Ke6 72. Kc5 Kf7 73. Qh7+ Kf6 74. Qh8+ Kg6 75. Kc6 Kf7 76. Nb5 Nc4 77. Qh5+ Kf6 78. Qg5+ Ke6 79. Qg8+ 1-0

[Event "FIDE World Rapid-ch Open 2018"]
[White "Le, Quang Liem"]
[Black "Levin, Evgeny A."]
[Site "St. Petersburg"]
[Round "9.47"]
[Annotator "RC"]
[Result "0-1"]
[Date "2018.12.27"]
[WhiteElo "2714"]
[BlackElo "2516"]
[PlyCount "58"]
[TimeControl "900+10"]

1. e4 e6 2. d4 d5 3. Nc3 Nf6 4. e5 Nfd7 5. f4 c5 6. Nf3 Nc6 7. Be3 a6 8. Qd2 b5 9. Nd1 b4 10. c4 cxd4 11. Nxd4 Nxd4 12. Bxd4 dxc4 13. Bxc4 Bb7 14. Ne3 Be7 15. f5 Bh4+ 16. Ke2 0-0 17. fxe6 fxe6 18. Bxe6+ Kh8 19. Rhf1 Qe7 20. Bxd7 Qxd7 21. Qxb4 Rfd8 22. Rf4 a5 23. Qb6 Ba6+ 24. Kd2 Bg5 25. e6 Qa4 26. Rg4 Qc4 27. Re1 Qd3+ 28. Kc1 Bxe3+ 29. Bxe3 Rac8+ 0-1

[Event "FIDE World Rapid-ch Open 2018"]
[White "Tomashevsky, Evgeny"]
[Black "Gasanov, Eldar"]
[Site "St. Petersburg"]
[Round "9.48"]
[Annotator "ChessBase"]
[Result "1-0"]
[Date "2018.12.27"]
[WhiteElo "2705"]
[BlackElo "2499"]
[PlyCount "83"]
[TimeControl "900+10"]

1. c4 e5 2. Nc3 d6 3. Nf3 f5 4. d4 e4 5. Ng5 Be7 6. h4 Nf6 7. e3 c6 8. Be2 Na6 9. d5 Nc7 10. b3 0-0 11. Nh3 Nd7 12. g3 Bf6 13. Bb2 Ne5 14. Nf4 g6 15. dxc6 bxc6 16. Kf1 Ne6 17. Kg2 Qe7 18. b4 Rb8 19. b5 Nxf4+ 20. exf4 Nd7 21. Rb1 Bb7 22. h5 Nb6 23. hxg6 hxg6 24. a4 cxb5 25. cxb5 Rbc8 26. Rc1 Qe6 27. Ba1 Kg7 28. g4 e3+ 29. Bf3 Bxf3+ 30. Qxf3 fxg4 31. Qxe3 Qb3 32. f5 Rh8 33. Rxh8 Rxh8 34. Qe6 Qxe6 35. fxe6 Re8 36. a5 Nc4 37. Nd5 Bxa1 38. Rxc4 Rxe6 39. Rc7+ Kh6 40. Re7 Rxe7 41. Nxe7 Bc3 42. b6 1-0

[Event "FIDE World Rapid-ch Open 2018"]
[White "Yilmaz, Mustafa"]
[Black "Jones, Gawain C B"]
[Site "St. Petersburg"]
[Round "9.49"]
[Annotator "ChessBase"]
[Result "1-0"]
[Date "2018.12.27"]
[WhiteElo "2636"]
[BlackElo "2682"]
[PlyCount "83"]
[TimeControl "900+10"]

1. d4 Nf6 2. c4 g6 3. Nc3 Bg7 4. e4 d6 5. Be2 0-0 6. Nf3 Nbd7 7. 0-0 e5 8. Be3 Qe7 9. Qc2 c6 10. d5 c5 11. Bg5 Kh8 12. a3 Rg8 13. b4 Qf8 14. Rab1 Ne8 15. Bc1 Bh6 16. Ng5 Bxg5 17. Bxg5 f5 18. f4 h6 19. Bh4 g5 20. fxg5 f4 21. gxh6 Qxh6 22. Be1 Ndf6 23. Rb3 Bh3 24. Rf2 Qg7 25. Bf3 Ng4 26. Bxg4 Qxg4 27. bxc5 dxc5 28. Qe2 Nd6 29. Nb5 Nxc4 30. Rxh3+ Qxh3 31. Qxc4 Rg7 32. Kh1 Rag8 33. Qf1 Qh7 34. Nd6 Rg5 35. Bc3 Rh5 36. h3 Rg3 37. Rf3 Qg6 38. Rxg3 fxg3 39. Qf8+ Kh7 40. Nf5 Rg5 41. Bxe5 Qg8 42. Qh6# 1-0

[Event "FIDE World Rapid-ch Open 2018"]
[White "Popov, Valerij"]
[Black "Najer, Evgeniy"]
[Site "St. Petersburg"]
[Round "9.50"]
[Annotator "ChessBase"]
[Result "1/2-1/2"]
[Date "2018.12.27"]
[WhiteElo "2532"]
[BlackElo "2670"]
[PlyCount "121"]
[TimeControl "900+10"]

1. Nf3 d5 2. d4 Nf6 3. c4 e6 4. e3 b6 5. cxd5 exd5 6. Bd3 Bd6 7. b3 0-0 8. Ba3 c5 9. 0-0 Bb7 10. Nc3 Nbd7 11. Rc1 Rc8 12. Qe2 Re8 13. Ba6 Bxa6 14. Qxa6 Bf8 15. Na4 Re6 16. Qb5 Rc7 17. dxc5 bxc5 18. Nxc5 Nxc5 19. Bxc5 Qc8 20. b4 Ne4 21. Rfd1 Rg6 22. Ne1 Qf5 23. Qe2 Nxc5 24. bxc5 Rxc5 25. Rxc5 Bxc5 26. Qb5 Bf8 27. Rxd5 Qc8 28. Qb3 Rb6 29. Qd1 g6 30. g3 Qc4 31. Rd2 Qe4 32. Nd3 h5 33. Qe2 h4 34. f3 Qa4 35. Kg2 Rb1 36. g4 Ra1 37. Rc2 Qa3 38. Nf2 Qb4 39. Rb2 Qc3 40. Qd2 Qxd2 41. Rxd2 Re1 42. Nd1 Bb4 43. Rd4 Bc5 44. Kf2 Rh1 45. Kg2 Re1 46. Kf2 Rh1 47. Kg2 Re1 48. Rd5 Re2+ 49. Kh3 Bb6 50. a3 Kg7 51. f4 Ra2 52. Rd3 Bc5 53. a4 Rxa4 54. Kxh4 a5 55. g5 Rc4 56. Nf2 a4 57. Ng4 a3 58. Rd8 Ra4 59. Nf6 Bf8 60. Ne8+ Kg8 61. Nf6+ 1/2-1/2

[Event "FIDE World Rapid-ch Open 2018"]
[White "Zhigalko, Andrey"]
[Black "Demchenko, Anton"]
[Site "St. Petersburg"]
[Round "9.51"]
[Annotator "ChessBase"]
[Result "1/2-1/2"]
[Date "2018.12.27"]
[WhiteElo "2545"]
[BlackElo "2679"]
[PlyCount "102"]
[TimeControl "900+10"]

1. e4 c5 2. Nf3 d6 3. d4 cxd4 4. Qxd4 Nc6 5. Bb5 a6 6. Bxc6+ bxc6 7. 0-0 e5 8. Qd3 Ne7 9. Rd1 Ng6 10. Na3 f6 11. Be3 Rb8 12. Nc4 d5 13. exd5 cxd5 14. Qxd5 Qxd5 15. Rxd5 Be6 16. Nd6+ Kd7 17. Rd3 Bxd6 18. Rad1 Ke7 19. Rxd6 Rxb2 20. Rxa6 Rhb8 21. Ra7+ Kf8 22. h3 Rxa2 23. Rc7 Raa8 24. Rd6 Re8 25. Rb6 Rec8 26. Rbb7 Rxc7 27. Rxc7 Rc8 28. Rxc8+ Bxc8 29. Kf1 Kf7 30. Ke2 Ba6+ 31. Ke1 Ke6 32. g3 Ne7 33. Nd2 Kd5 34. f3 Nc6 35. c3 Bd3 36. Kf2 Nd8 37. f4 Ne6 38. fxe5 fxe5 39. Kf3 Bc2 40. g4 Bd1+ 41. Kg3 Be2 42. Kf2 Ba6 43. Kf3 Bd3 44. Kg3 h6 45. Kf3 g5 46. h4 Nf4 47. hxg5 hxg5 48. c4+ Kc6 49. Ne4 Be2+ 50. Kg3 Ne6 51. Nxg5 Nxg5 1/2-1/2

[Event "FIDE World Rapid-ch Open 2018"]
[White "Carlsson, Pontus"]
[Black "Ponkratov, Pavel"]
[Site "St. Petersburg"]
[Round "9.52"]
[Annotator "ChessBase"]
[Result "0-1"]
[Date "2018.12.27"]
[WhiteElo "2463"]
[BlackElo "2630"]
[PlyCount "70"]
[TimeControl "900+10"]

1. e4 c5 2. Nf3 b6 3. d4 cxd4 4. Nxd4 Bb7 5. Nc3 a6 6. Bg5 Qc7 7. Qd2 Nf6 8. f3 e6 9. 0-0-0 Bb4 10. Nde2 Nc6 11. a3 Be7 12. Bf4 Ne5 13. Qd4 d6 14. Ng3 0-0 15. Be3 b5 16. Qb6 Qb8 17. Be2 Rc8 18. Qd4 Nc6 19. Qd2 b4 20. axb4 Nxb4 21. Kb1 Bc6 22. Bf4 Rd8 23. Bc4 Qb7 24. Qe2 Rab8 25. Bc1 Rdc8 26. Rhe1 Bb5 27. Rd4 Nxc2 28. Nxb5 axb5 29. Qxc2 Qa7 30. Be3 Ra8 31. Kc1 d5 32. exd5 Bc5 33. Rd3 bxc4 34. Rc3 Nxd5 35. Bxc5 Qxc5 0-1